Cogmind - Beta 14 @@@ ROGUE MODE // 2025.03.01 @ 14:44:02 Player: Kate+Gabe4evr Result: Self-destructed Performance ------------- Evolutions (4) 2000 Regions Visited (5) 1000 Robots Destroyed (21) 105 Value Destroyed (763) 763 Prototype IDs (0) 0 Alien Tech Used (0) 0 Bonus (300) 300 TOTAL SCORE: 4168 Bonus ------- Registered with UFD 300 Cogmind --------- Core Integrity 802/850 Matter 17/300 Energy 100/100 System Corruption 2% Temperature Cool (0) Movement Treading (360) Ox2 Location -6/Factory Parts ------- > --- POWER (2) -------- (None) > --- PROPULSION (4) --- Spiked Treads > --- UTILITY (5) ------ Scrap Suit Coolant Injector High-capacity Storage Unit > --- WEAPON (4) ------- Flak Gun Flak Gun Flak Gun Battle Cannon > --- INVENTORY (20) --- Disposable Heat Sink Coolant Injector Hardened Medium Armor Plating Hardened Medium Armor Plating Riot Gun Grenade Launcher Peak State ------------ > --- POWER ------------ Ion Engine Ion Engine > --- PROPULSION ------- Light Treads Spiked Treads > --- UTILITY ---------- Scrap Suit Coolant Injector High-capacity Storage Unit Makeshift Light Armor Plating > --- WEAPON ----------- Riot Gun Flak Gun Flak Gun Flak Gun > --- INVENTORY -------- Disposable Heat Sink Hardened Medium Armor Plating Hardened Medium Armor Plating Battle Cannon Grenade Launcher Flamer [Rating: 38] Favorites ----------- Power Ion Engine Engine Ion Engine Propulsion Light Treads Treads Light Treads Utility Disposable Heat Sink Device Disposable Heat Sink Storage Small Storage Unit Protection Makeshift Light Armor Plating Weapon Flak Gun Energy Gun Riot Gun Ballistic Gun Flak Gun Ballistic Cannon Battle Cannon Launcher Grenade Launcher Special Weapon Flamer Build | -11 -10 -10 -8 -8 -6 ------- Run | Yrd Mat Sub Rec Scr Fac Slots Evolved 8 | . . . . . 8 Power 1 | . . . . . 1 Propulsion 2 | . . . . . 2 Utility 3 | . . . . . 3 Weapon 2 | . . . . . 2 Parts Attached 29 | 6 . 9 2 2 10 Power 3 | 1 . 1 . . 1 Engine 3 | 1 . 1 . . 1 Core . | . . . . . . Reactor . | . . . . . . Propulsion 3 | 2 . . . . 1 Treads 3 | 2 . . . . 1 Leg . | . . . . . . Wheel . | . . . . . . Hover . | . . . . . . Flight . | . . . . . . Utility 8 | 1 . 2 . 1 4 Device 4 | . . 2 . . 2 Storage 2 | 1 . . . 1 . Processor . | . . . . . . Hackware . | . . . . . . Protection 2 | . . . . . 2 Artifact . | . . . . . . Weapon 15 | 2 . 6 2 1 4 Energy Gun 2 | 1 . . 1 . . Energy Cannon . | . . . . . . Ballistic Gun 8 | 1 . 3 1 1 2 Ballistic Cannon 1 | . . . . . 1 Launcher 3 | . . 3 . . . Special Weapon 1 | . . . . . 1 Impact Weapon . | . . . . . . Slashing Weapon . | . . . . . . Piercing Weapon . | . . . . . . Special Melee Weapon . | . . . . . . Unidentified Prototypes . | . . . . . . Parts Lost 8 | . . 3 . . 5 Power 3 | . . 1 . . 2 Propulsion 2 | . . 1 . . 1 Utility 1 | . . . . . 1 Weapon 2 | . . 1 . . 1 Highest Loss Streak 5 | . . 2 . . 5 To Critical Strikes . | . . . . . . Average Slot Usage (%) 87 | . 85 94 85 85 79 Engine 13 | . 14 13 14 14 12 Treads 19 | . 28 27 14 14 12 Device 10 | . . 9 14 14 12 Storage 12 | . 14 14 14 14 6 Energy Gun 12 | . 14 13 14 14 4 Ballistic Gun 13 | . 14 11 14 14 20 Peak Build Rating 38 | 6 6 10 12 14 38 Average Rating 13 | 4 6 8 11 13 35 On Entrance 7 | . 6 6 9 12 14 Naked Turns . | . . . . . . Heaviest Build 81 | 14 14 17 17 53 81 Greatest Support 40 | 40 40 40 20 20 40 Greatest Overweight (x) 3 | 1 . . . 2 3 Average Overweight (x) . | . . . . . 1 Largest Inventory Capacity 20 | 8 8 8 8 20 20 Average Capacity 12 | 6 8 8 8 15 20 Most Carried 10 | 2 4 8 8 10 8 Average Carried 6 | . 3 6 7 8 4 Final Capacity 20 | 8 8 8 8 20 20 Final Carried 10 | 2 4 7 8 10 6 Class Distribution -------------------- 86% | Mutant 13% | Tank Dominant Class ---------------- Mutant | -10/Materials Mutant | -10/Subcaves Mutant | -8/Recycling Mutant | -8/Scraptown Tank | -6/Factory Resources | -11 -10 -10 -8 -8 -6 ----------- Run | Yrd Mat Sub Rec Scr Fac Matter Collected 767 | 260 6 199 145 . 157 Remotely . | . . . . . . Salvage Created 629 | . 40 418 . . 171 Parts 28 | . 2 20 . . 6 Haulers Intercepted 1 | . . . . . 1 Recyclers Shooed . | . . . . . . Parts Field Recycled . | . . . . . . Retrieved Matter . | . . . . . . Parts Self-Destructed 13 | . . 13 . . . Prevented . | . . . . . . Kills | -11 -10 -10 -8 -8 -6 ------- Run | Yrd Mat Sub Rec Scr Fac Combat Hostiles Destroyed 18 | . 1 13 . . 4 Guns 15 | . 1 10 . . 4 AOE 3 | . . 3 . . . Classes Destroyed 8 | . 1 4 . . 3 Hauler 1 | . . . . . 1 Turret 2 | . . 2 . . . Swarmer 4 | . . 4 . . . Grunt 1 | . 1 . . . . Sentry 2 | . . 1 . . 1 Programmer 2 | . . . . . 2 Behemoth 1 | . . . . . 1 Subdweller 8 | . . 8 . . . Best Kill Streak 6 | . 1 6 . . 2 Combat Bots Only 4 | . 1 4 . . 2 Max Kills in Single Turn 2 | . 1 2 . . 1 Gunslinging 1 | . . 1 . . . Exploded 2 | . . 2 . . . Melee . | . . . . . . Uniques/NPCs Destroyed . | . . . . . . Combat | -11 -10 -10 -8 -8 -6 -------- Run | Yrd Mat Sub Rec Scr Fac Hostile Shots Fired 184 | . 1 74 . . 109 Missed 59 | . 1 26 . . 32 Damage Taken 1787 | . . 712 . . 1075 Core 171 | . . 123 . . 48 Absorbed by Shields . | . . . . . . Regen/Repaired (Parts) 20 | . . . . . 20 Core Remaining (%) 75 | 100 . . . 50 . Volleys Fired 70 | . 3 43 . . 24 Largest 4 | . 2 2 . . 4 Hottest 184 | . 70 80 . . 184 Shots Fired 170 | . 6 84 . . 80 Gun 151 | . 6 70 . . 75 Cannon . | . . . . . . Launcher 14 | . . 14 . . . Special 5 | . . . . . 5 Kinetic 107 | . 3 36 . . 68 Thermal 42 | . 3 34 . . 5 Explosive 14 | . . 14 . . . Electromagnetic 7 | . . . . . 7 Robot Hit Streak 20 | . 3 20 . . 9 Robot Miss Streak 17 | . 1 8 . . 17 Penetration Max . | . . . . . . Secondary Targets 2 | . . 2 . . . Max Gunslinging Chain 1 | . . 1 . . . Shots Hit Robots 118 | . 4 44 . . 70 Core Hits 94 | . 2 30 . . 62 Critical Kills . | . . . . . . Critical Parts Destroyed . | . . . . . . Critical Strikes 3 | . . 3 . . . Burn 3 | . . 3 . . . Melee Attacks . | . . . . . . Impact . | . . . . . . Slashing . | . . . . . . Piercing . | . . . . . . Sneak Attacks . | . . . . . . Combat Hostiles . | . . . . . . Follow-up Attacks . | . . . . . . Damage Inflicted 2374 | . 51 1092 . . 1231 Guns 1722 | . 50 488 . . 1184 Cannons . | . . . . . . Explosions 604 | . . 604 . . . Melee . | . . . . . . Ramming 1 | . 1 . . . . Kinetic 1348 | . 38 200 . . 1110 Thermal 347 | . 12 288 . . 47 Explosive 604 | . . 604 . . . Electromagnetic 74 | . . . . . 74 Impact . | . . . . . . Slashing . | . . . . . . Piercing . | . . . . . . Highest Corruption 2 | . . . . . 2 Average Corruption 1 | . . . . . 1 Corruption Purged . | . . . . . . Corruption Blocked . | . . . . . . Effects 4 | . . . . . 4 Message Errors 1 | . . . . . 1 Matter Fused 1 | . . . . . 1 Data Loss (minor) 1 | . . . . . 1 Misfires 1 | . . . . . 1 Overload Shots . | . . . . . . Overflow Damage . | . . . . . . Projectiles . | . . . . . . Explosions . | . . . . . . Melee . | . . . . . . Knockbacks . | . . . . . . Impact . | . . . . . . Kinetic . | . . . . . . Secondary . | . . . . . . Self-Inflicted Damage 55 | . . 55 . . . Shots 3 | . . 3 . . . Rammed 1 | . 1 . . . . Targets Rammed 1 | . 1 . . . . Kicked . | . . . . . . Crushed . | . . . . . . Highest Temperature 415 | . 18 6 . . 415 Average Temperature 77 | . 9 4 . . 86 Received Heat Transfer 612 | . . 174 . . 438 Effects 4 | . . . . . 4 Shutdowns 1 | . . . . . 1 Interference 3 | . . . . . 3 Siege Activations . | . . . . . . Robots Corrupted . | . . . . . . Combat Hostiles . | . . . . . . Parts Fried . | . . . . . . Impact Corruptions . | . . . . . . Robots Melted . | . . . . . . Combat Hostiles . | . . . . . . Parts Melted 2 | . . 2 . . . Heat Transferred 1430 | . 37 1073 . . 320 Parts Sabotaged . | . . . . . . Parts Stolen . | . . . . . . Parts Stripped . | . . . . . . Power Chain Reactions . | . . . . . . Alert | -11 -10 -10 -8 -8 -6 ------- Run | Yrd Mat Sub Rec Scr Fac Peak Influence 82 | . 45 . 46 . 82 Initial 46 | . . . 46 . . Average 21 | . 14 . 46 . 18 Maximum Alert Level . | . . . . . . Low Security (%) 100 | 100 100 . 100 . 100 Level 1 . | . . . . . . Level 2 . | . . . . . . Level 3 . | . . . . . . Level 4 . | . . . . . . Level 5 . | . . . . . . High Security . | . . . . . . Max Security . | . . . . . . Squads Dispatched 5 | . 3 . . . 2 Investigation 1 | . 1 . . . . Extermination 2 | . . . . . 2 Reinforcement 2 | . 2 . . . . Assault . | . . . . . . Garrison . | . . . . . . Intercept . | . . . . . . Searches Triggered . | . . . . . . Construction Impeded . | . . . . . . Haulers Reinforced . | . . . . . . Active Scanning Responses . | . . . . . . Cargo Convoy Interrupts . | . . . . . . Stealth | -11 -10 -10 -8 -8 -6 --------- Run | Yrd Mat Sub Rec Scr Fac Distress Signals 2 | . 1 . . . 1 Communications Jammed . | . . . . . . Distress Signals . | . . . . . . Times Spotted 30 | . 2 17 . . 11 Peak Tracking Total 4 | . 3 3 . . 4 Tactical Retreats 3 | . . 3 . . . Traps | -11 -10 -10 -8 -8 -6 ------- Run | Yrd Mat Sub Rec Scr Fac Traps Triggered 2 | . 1 1 . . . Indirectly . | . . . . . . Trap Hack Attempts . | . . . . . . Triggered . | . . . . . . Disarmed . | . . . . . . Reprogrammed . | . . . . . . Reused . | . . . . . . Traps Extracted . | . . . . . . Installed . | . . . . . . Triggered . | . . . . . . Machines | -11 -10 -10 -8 -8 -6 ---------- Run | Yrd Mat Sub Rec Scr Fac Machines Disabled 2 | . . 2 . . . Max in Single Turn 2 | . . 2 . . . Machines Repaired . | . . . . . . Machines Dismantled . | . . . . . . Machines Sabotaged . | . . . . . . Overloaded Fab Kills . | . . . . . . Hacking | -11 -10 -10 -8 -8 -6 --------- Run | Yrd Mat Sub Rec Scr Fac Machines Accessed 6 | . . . 1 4 1 Terminals 1 | . . . . . 1 Fabricators . | . . . . . . Repair Stations . | . . . . . . Recycling Units . | . . . . . . Scanalyzers . | . . . . . . Garrison Access . | . . . . . . Total Hacks 36 | . . . 19 16 1 Successful 36 | . . . 19 16 1 Failed . | . . . . . . Catastrophic . | . . . . . . Database Lockouts . | . . . . . . Manual . | . . . . . . Terminals 1 | . . . . . 1 Fabricators . | . . . . . . Repair Stations . | . . . . . . Recycling Units . | . . . . . . Scanalyzers . | . . . . . . Garrison Access . | . . . . . . Terminal Hacks 36 | . . . 19 16 1 Record 34 | . . . 19 15 . Open Door 1 | . . . . 1 . Open DSF 1 | . . . . . 1 Fabricator Hacks . | . . . . . . Repair Station Hacks . | . . . . . . Recycling Unit Hacks . | . . . . . . Scanalyzer . | . . . . . . Garrison Access Hacks . | . . . . . . Unauthorized Hacks . | . . . . . . Terminals . | . . . . . . Fabricators . | . . . . . . Repair Stations . | . . . . . . Recycling Units . | . . . . . . Scanalyzers . | . . . . . . Garrison Access . | . . . . . . Data Cores Recovered . | . . . . . . Used . | . . . . . . Hacking Detections 1 | . . . . . 1 Full Trace Events . | . . . . . . Feedback Events . | . . . . . . Feedback Blocked . | . . . . . . Robot Schematics Acquired . | . . . . . . Robots Built . | . . . . . . Authchips . | . . . . . . Time . | . . . . . . Total Robot Build Rating . | . . . . . . Part Schematics Acquired . | . . . . . . Parts Built . | . . . . . . Authchips . | . . . . . . Time . | . . . . . . Total Part Build Rating . | . . . . . . Parts Repaired . | . . . . . . Time . | . . . . . . Parts Recycled . | . . . . . . Recycled Matter . | . . . . . . Retrieved Matter . | . . . . . . Retrieved Components . | . . . . . . Parts Scanalyzed . | . . . . . . Part Schematics Acquired . | . . . . . . Parts Damaged . | . . . . . . Bothacking | -11 -10 -10 -8 -8 -6 ------------ Run | Yrd Mat Sub Rec Scr Fac Used RIF Installer . | . . . . . . Robots Hacked . | . . . . . . Non-combat . | . . . . . . Combat . | . . . . . . Robot Hacks Applied . | . . . . . . Relay Couplers Released . | . . . . . . Fabnet Peak Effective % . | . . . . . . Robots Rewired . | . . . . . . Allies Hacked . | . . . . . . Hacks Repelled . | . . . . . . Allies | -11 -10 -10 -8 -8 -6 -------- Run | Yrd Mat Sub Rec Scr Fac Total Allies . | . . . . . . Largest Group . | . . . . . . Highest-Rated Group . | . . . . . . Highest-Rated Ally . | . . . . . . Total Orders . | . . . . . . Ally Attacks . | . . . . . . Total Damage . | . . . . . . Kills . | . . . . . . Allies Corrupted . | . . . . . . Allies Melted . | . . . . . . Intel | -11 -10 -10 -8 -8 -6 ------- Run | Yrd Mat Sub Rec Scr Fac Robot Analysis Total . | . . . . . . Derelict Logs Recovered 1 | . . . . 1 . Drone Launches . | . . . . . . Drone Recoveries . | . . . . . . Exploration | -11 -10 -10 -8 -8 -6 ------------- Run | Yrd Mat Sub Rec Scr Fac Turns Passed 6257 | 75 633 2039 327 2326 857 Spaces Moved 2803 | 43 101 1166 203 990 300 Core 4 | 4 . . . . . Treads 2799 | 39 101 1166 203 990 300 Legs . | . . . . . . Wheels . | . . . . . . Hover . | . . . . . . Flight . | . . . . . . Fastest Speed 50 | 50 160 160 160 160 250 Average Speed 196 | 152 160 160 160 234 251 Slowest Speed 460 | 160 160 160 160 320 460 Overloaded Moves . | . . . . . . Propulsion Burnouts . | . . . . . . Robots Hopped . | . . . . . . Cave-ins Triggered . | . . . . . . Exploration Rate (%) 40 | 4 29 65 62 76 9 Regions Visited 5 Branch Regions 3 Pre-discovered Areas 1 | . . 1 . . . Known Exits Taken . | . . . . . . Unknown Exits Taken 5 | 1 1 1 1 1 . Scrap Searched 17 | . . 13 . 4 . Spaces Dug . | . . . . . . Terrain Destroyed 46 | . . 46 . . . Melee . | . . . . . . Projectile . | . . . . . . AOE 46 | . . 46 . . . Terrain Rammed . | . . . . . . Walls Destroyed . | . . . . . . Machines Disabled . | . . . . . . Actions | -11 -10 -10 -8 -8 -6 --------- Run | Yrd Mat Sub Rec Scr Fac Total 3417 | 50 566 1257 204 1000 340 Wait 490 | . 460 28 . . 2 Move 2798 | 42 100 1165 202 989 300 Hop . | . . . . . . Pick Up 17 | 2 2 7 . 4 2 Fast Attach 10 | 6 . 2 . . 2 Attach 9 | . . 2 . . 7 Detach 3 | . . 1 . . 2 Swap 10 | . . 5 2 2 1 Drop 9 | . . 4 . 5 . Fire 70 | . 3 43 . . 24 Melee . | . . . . . . Ram . | . . . . . . Kick . | . . . . . . Crush 1 | . 1 . . . . Escape Stasis . | . . . . . . Rewire . | . . . . . . Trap . | . . . . . . Miscellaneous . | . . . . . . Route ------- -11/Scrapyard -10/Materials (discovered 2 exits: [*Min] / [*Sub]) -10/Subcaves (discovered 2 exits: [*Mat] / *Rec) -8/Recycling -8/Scraptown (discovered 2 exits: *Fac x2) -6/Factory History --------- Turn | Location | Event 5 | -11/Scrapyard | Discovered new exit (range 15) 76 | -11/Scrapyard | Entered Materials 206 | -10/Materials | Discovered new exit (range 16) 305 | -10/Materials | Build established: Mutant 680 | -10/Materials | Discovered new exit (range 6) 709 | -10/Materials | Entered Subcaves 1307 | -10/Subcaves | Learned location of Zion (-7) 1307 | -10/Subcaves | Met a Zionite searching for "candidates" 1429 | -10/Subcaves | Ambushed by Subdwellers from Twisted Machinery 1643 | -10/Subcaves | Discovered new exit (range 13) 1782 | -10/Subcaves | Disturbed a concealed Subdweller 2351 | -10/Subcaves | Shifting Twisted Machinery released Sub. Monowheel 2735 | -10/Subcaves | Discovered new exit (range 10) 2748 | -10/Subcaves | Entered Recycling 3023 | -8/Recycling | Scanned before Scraplab entrance 3046 | -8/Recycling | Entered Scraplab 3071 | -8/Recycling | Discovered new exit (range 2) 3075 | -8/Recycling | Entered Scraptown 3378 | -8/Scraptown | Discovered new exit (range 13) 3459 | -8/Scraptown | Scanned Subdweller tech in exchange for log data 3464 | -8/Scraptown | Learned Factory interactive machine intel 3514 | -8/Scraptown | Visited Observation Area 3576 | -8/Scraptown | Visited Bundlers 3656 | -8/Scraptown | Visited Red Mages 3722 | -8/Scraptown | Heard Great Nut preacher, LISTEN AND RECITE! 3731 | -8/Scraptown | Visited Comm Corps 3824 | -8/Scraptown | Visited CPS Storage 3858 | -8/Scraptown | Visited UFD Registry 3858 | -8/Scraptown | Registered with UFD as "Hardbot" 3895 | -8/Scraptown | Visited Supply Room 4005 | -8/Scraptown | Visited Chapter 10 4098 | -8/Scraptown | Visited Curators Association 4146 | -8/Scraptown | Visited Abandonware Association 4366 | -8/Scraptown | Visited Scrap Suit Storage 4440 | -8/Scraptown | Found Scrap Suit 4486 | -8/Scraptown | Visited Sword Containment 4591 | -8/Scraptown | Visited Scrapoid Research Area 4694 | -8/Scraptown | Visited Scrapoid Pod Storage 4771 | -8/Scraptown | Visited Cartography Club 5391 | -8/Scraptown | Discovered new exit (range 3) 5401 | -8/Scraptown | Entered Factory 5401 | -6/Factory | Evolved 8 slots: Power x1, Propulsion x2, Utility x3, Weapon x2 5402 | -6/Factory | Loaded intel: 52 interactive machine locations 5694 | -6/Factory | Build established: Tank 6070 | -6/Factory | Spotted B-75 Beast 6124 | -6/Factory | Destroyed B-75 Beast 6258 | -6/Factory | Self-destructed Last Messages --------------- 06226_ R-10 Processor collects Imp. Heat Sink. 06227_ K-01 Serf collects debris. 06228_ R-10 Processor collects Mic. Nuclear Core. 06229_ Scrap Suit cannibalized Flak Gun to repair Flak Gun. 06230_ K-01 Serf collects debris. 06233_ Penetrated by Slug. 06233_ Lgt. Treads destroyed. 06235_ K-01 Serf collects debris. 06240_ Slug penetrates Wall. 06240_ Slug penetrates R-10 Processor. 06243_ K-01 Serf collects debris. 06244_ Penetrated by Slug. 06244_ Flamer destroyed. 06247_ K-01 Serf collects debris. 06247_ Penetrated by Slug. 06250_ Slug penetrates Wall. 06251_ K-01 Serf collects debris. 06253_ Mak. Light Armor Plating destroyed. 06255_ M-28 Smith repairs H-66 Slayer. 06256_ K-01 Serf collects debris. Map ----- +----------------------------------------------------+ | ?????????????????????????????????????????????????? | | ?????????????????????????????????????????????????? | | ?????????????????????????????????????????????????? | | ?????????????????????????????????????????????????? | | ?????????????????????????????????????????????????? | | ?????????????????????????????????????????????????? | | ??????????????????????????????????"?"????????????? | | ??????????????????????????????????"?"????????????? | | ?????????????????????????????????""G""???????????? | | ?????????????????????????????????????????????????? | | ????????????????????????????????????##???????????? | | ??????????????????????????????????? ???????????? | | ??????????????????????????????????""" ???????????? | | ????????????????????????????????? """ """ """????? | | ?????????????????????????????? ?? """ """ """ ???? | | ??????????????# ?????????????# ???? | | ??????????????# ????????????? """ """ """ ???? | | ??????????????# ?????????????? """ """ """????? | | ??????????????# ???????????????""" """ "??????? | | ??????????????# ???????????????? ????????? | | ??????????????# R##################/####+#+###? | | ??????????????# % k h #? | | ??????????????# m #? | | ??????????????# + | | ??????????????# k # | | ??????????????# R u@ #? | | ??????????????###u#######/########## ########? | | ???????""?????????????? ^ ???????# #???????? | | ???????""???????????? ?????# #???????? | | ???????T"??????????# ???# #???????? | | ???????""?????????# =#??# #???????? | | ???????""?????????## """ """ #??# #???????? | | ???????????????????# """ """ #??# #??####?? | | ???????????????????# """ """ #??# #?## ##? | | ???????????????????# #??# #### ### | | ??????????????????????"" ""? #??# | | ???????????????????????" ???? #??# % | | ???????????????????????" ????? #??#""" % | | ??????????????????????? ??????!#??#"T % """ | | ???????????????????????#????????#??#""" %%%%""" | | ???????????????????????????????????# %%% """ | | ???????????????????????????????????# | | ???????????????????????????????????# ""% %% %"" | | ???????????????????????????????????# """ %"% """ | | ???????????????????????????????????# """ "%" """ | | ????????????????????"T"????????????# | | ????????????????????"""????????????# | | ???????????????????????????????????########## ""# | | ????????????????????????????????????????????#"F""# | | ????????????????????????????????????????????#""""# | +----------------------------------------------------+ Best States ------------- Heat Dissipation 37 Coolant Potential 65 Energy Generation 15 Energy Capacity 400 Matter Stores 300 Matter Capacity 300 Sight Range 21 Terrain Scan Density 10 Armor Coverage 100 Evasion (%) 40 Recoil Reduction 2 Item Schematics ----------------- None Robot Schematics ------------------ None Fabricated ------------ Nothing Alien Tech Used ----------------- None Achievements -------------- None Challenges ------------ None Game ------ Seed TechAssaultTendrils Manual? 0 Play Time 00:24:05 Cumulative 73.9 hours Start 2025.02.28 @ 17:52:40 End 2025.03.01 @ 14:44:02 Sessions 2 Manual Loads 0 Difficulty Rogue Special Mode None Game No. 142 Rogue 142 Adventurer 0 Explorer 0 Win Type - Total 1 Types 1/0/0/0/0/0/0/0/0 Lore% 58 Gallery% 56 Achievement% 48 Wizard Run 0 Options --------- Layout 0 ASCII 0 Keyboard 1 Movement Numpad Keybinds 0 Fullscreen 2 Font 24/Terminus Map View 76x50 Zoom Use 0% Tactical HUD 1 Map Filters NONE Filters NONE Steam 1 RUN: fefd5245-ca43-409b-879a-cc593ea3fdbf